AoeStats
← BigDog

Arena

510351932Analyzed
2v2 RM · 1d ago on Sep 30, 2026· 63m 7s· 4 players
Game mode
Random Map
Map size
Medium (4 player)
Population
200
Speed
Normal
Resources
Standard
Victory
Conquest
Starting age
Dark Age
Ending age
Imperial Age
RankedLock teamsTeams togetherTeam positionsShared explorationLock speedFull tech treeHidden civsTurbo modeCheats
Victory
Defeat
🇦🇿 Khmer · Azerbaijan
814
+12
🇦🇿 Turks · Azerbaijan
771
+14
🇺🇦 Portuguese · Ukraine
743
-14
🇺🇦 Spanish · Ukraine
700
-12
BigDog
7:54 Loom
11:31 Feudal Age
12:03 Double-Bit Axe
14:03 Horse Collar
20:15 Castle Age
22:39 Fletching
23:23 Bow Saw
23:17 Heavy Plow
23:36 Bodkin Arrow
25:19 Pikeman
31:41 Squires
32:12 Husbandry
34:03 Bloodlines
34:08 Scale Barding Armor
34:13 Forging
39:03 Imperial Age
39:22 Cavalier
40:36 Paladin
43:08 Chain Barding Armor
43:24 Iron Casting
42:51 Scale Mail Armor
45:42 Plate Barding Armor
45:07 Halberdier
48:05 Onager
49:56 Wheelbarrow
49:10 Town Watch
53:37 Conscription
tupak
6:48 Loom
10:39 Feudal Age
11:08 Double-Bit Axe
12:01 Wheelbarrow
11:22 Horse Collar
11:29 Town Watch
19:07 Castle Age
20:21 Hand Cart
19:35 Pikeman
19:37 Man-at-Arms
22:37 Heavy Plow
23:04 Bow Saw
30:08 Imperial Age
27:46 Treadmill Crane
28:28 Ballistics
28:13 Gold Mining
28:15 Stone Mining
28:08 Long Swordsman
30:37 Stone Shaft Mining
30:17 Fortified Wall
30:04 Murder Holes
30:20 Masonry
31:02 Town Patrol
33:08 Crop Rotation
33:42 Two-Man Saw
33:53 Chemistry
34:11 Fletching
34:32 Forging
34:22 Scale Mail Armor
35:06 Architecture
35:41 Conscription
35:07 Two-Handed Swordsman
39:22 Bodkin Arrow
40:02 Iron Casting
39:43 Chain Mail Armor
41:27 Bracer
42:27 Blast Furnace
41:37 Siege Engineers
46:44 Plate Mail Armor
53:34 Guilds
53:24 Caravan
53:55 Halberdier
56:30 Arquebus
Muhammed Alparslan
12:15 Feudal Age
16:48 Castle Age
14:33 Horse Collar
15:00 Double-Bit Axe
15:25 Stone Mining
19:23 Loom
19:24 Town Watch
21:54 Bow Saw
23:47 Gold Mining
24:02 Heavy Plow
24:52 Forging
24:48 Scale Barding Armor
25:40 Wheelbarrow
26:29 Fletching
30:57 Ballistics
30:41 Husbandry
31:38 Stone Shaft Mining
31:40 Gold Shaft Mining
31:33 Chain Barding Armor
31:50 Iron Casting
31:46 Bodkin Arrow
32:30 Bloodlines
37:04 Imperial Age
36:19 Padded Archer Armor
35:45 Light Cavalry
37:28 Hand Cart
38:20 Conscription
38:06 Tusk Swords
39:15 Blast Furnace
39:19 Chemistry
38:37 Bracer
41:29 Plate Barding Armor
41:18 Double Crossbow
41:56 Crossbowman
42:03 Cavalier
44:13 Leather Archer Armor
45:07 Scale Mail Armor
47:36 Chain Mail Armor
48:32 Caravan
48:39 Siege Engineers
48:53 Pikeman
49:31 Halberdier
50:59 Ring Archer Armor
50:31 Arbalester
52:11 Town Patrol
52:51 Crop Rotation
52:18 Onager
54:27 Elite Ballista Elephant
jafar.najafov
1:38 Loom
12:14 Feudal Age
12:52 Double-Bit Axe
14:44 Horse Collar
19:38 Castle Age
18:04 Stone Mining
19:41 Wheelbarrow
20:34 Forging
21:08 Bow Saw
22:02 Heavy Plow
22:39 Gold Mining
24:46 Gold Shaft Mining
25:42 Scale Barding Armor
26:20 Husbandry
27:17 Bloodlines
28:18 Iron Casting
32:18 Imperial Age
32:15 Hand Cart
31:50 Loom
32:31 Chain Barding Armor
31:40 Man-at-Arms
32:47 Sipahi
32:38 Scale Mail Armor
36:20 Conscription
40:20 Long Swordsman
41:01 Squires
40:46 Arson
43:02 Plate Barding Armor
43:28 Blast Furnace
41:57 Two-Handed Swordsman
44:51 Heavy Camel Rider
45:09 Champion
46:19 Chain Mail Armor
46:05 Padded Archer Armor
45:56 Fletching
47:42 Plate Mail Armor
52:11 Caravan
Connection lost

Rejoining the realm…

Still unreachable

The connection could not be restored.

Session expired

The server has moved on; the page needs a fresh start.